 Dungeon Crawl Stone Soup version 0.30-a0-457-g4b7bca3bfa (webtiles) character file.

Game seed: 260287687210465273

16863 McMuffin the Carver (level 12, -13/96 HPs)
             Began as a Demonspawn Reaver on Dec 12, 2022.
             Was an Initiate of Gozag.
             Mangled by Donald
             ... wielding a +6 vampiric broad axe
              (23 damage)
             ... on level 1 of the Snake Pit.
             The game lasted 01:11:00 (12645 turns).

McMuffin the Carver (Demonspawn Reaver)            Turns: 12645, Time: 01:11:01

Health: -13/96     AC: 15    Str: 13    XL:     12   Next: 13%
Magic:  13/18      EV: 15    Int: 17    God:    Gozag
Gold:   356        SH:  9    Dex: 20    Spells: 13/19 levels left

rFire   + . .      SeeInvis .    m - +10 long sword "Culegeod" {venom, rC+ Int+2 Dex+4}
rCold   + + +      Faith    .    (no shield)
rNeg    . . .      Spirit   .    V - +5 ring mail "Nasu" {*Slow rF+++ rC+ Regen+}
rPois   .          Reflect  +    h - +2 hat
rElec   .          Harm     .    F - +2 cloak
rCorr   .          Rampage  .    U - +0 pair of gloves of Privacy {Slay+3}
Will    +....                    (no boots)
Stlth   ++........               S - amulet of reflection
HPRegen 1.16/turn                H - ring of ice
MPRegen 0.16/turn                N - ring of ice

@: lethally poisoned (-13 -> -15), gold aura
A: spiny 2, sharp scales 1, condensation shield, weakness stinger 2, fangs 1,
deformed body, strong-willed 1, robust 1
a: Renounce Religion, Potion Petition, Call Merchant, Bribe Branch


You were on level 1 of the Snake Pit.
You worshipped Gozag.
Gozag was aware of your devotion.
You visited 4 branches of the dungeon, and saw 12 of its levels.
You also visited: Sewer and Ossuary.

You collected 1989 gold pieces.
You paid 1633 gold pieces to Gozag.

Inventory:

Hand Weapons
 a - a +0 falchion
 i - the +8 frozen axe "Frostbite" {freezing cloud, *Noise Fly rC+}
   (You found it on level 7 of the Dungeon)

   It freezes those it strikes, dealing additional cold damage.
   It can also slow down cold-blooded creatures.
   It occasionally leaves clouds of freezing vapour upon striking a foe.
   It grants immunity to clouds of freezing vapour.
   rC:        It protects you from cold.
   Fly:       It grants you flight.
   *Noise:    It may make noises in combat.
 m - the +10 long sword "Culegeod" (weapon) {venom, rC+ Int+2 Dex+4}
   (You found it on level 2 of the Dungeon)

   It poisons the flesh of those it strikes.
   Int:       It affects your intelligence (+2).
   Dex:       It affects your dexterity (+4).
   rC:        It protects you from cold.
 v - the +10 great mace "Hydrabane" {holy, rF+ Str+3}
   (You took it off an ogre on level 3 of the Dungeon)

   It has been blessed by the Shining One to cause great damage to the undead
   and demons.
   Str:       It affects your strength (+3).
   rF:        It protects you from fire.
 w - a +3 war axe of holy wrath
 C - a +0 short sword
Missiles
 M - a throwing net
Armour
 b - a +0 leather armour
 h - a +2 hat (worn)
 j - a +0 ring mail
 o - a +2 pair of gloves
 t - an orb of mayhem
 u - a +3 leather armour of cold resistance
 D - a scarf of invisibility
 F - a +2 cloak (worn)
 O - a scarf of harm
 U - the +0 pair of gloves of Privacy (worn) {Slay+3}
   (You found it on level 1 of the Snake Pit)

   Slay:      It affects your accuracy & damage with ranged weapons and melee
   (+3).
 V - the +5 ring mail "Nasu" (worn) {*Slow rF+++ rC+ Regen+}
   (You found it on level 1 of the Snake Pit)

   rF:        It renders you almost immune to fire.
   rC:        It protects you from cold.
   Regen:     It increases your rate of health regeneration.
   *Slow:     It may slow you when you take damage.
Jewellery
 H - a ring of ice (left hand)
 N - a ring of ice (right hand)
 S - an amulet of reflection (around neck)
 T - a ring of ice
Wands
 B - a wand of digging (10)
 G - a wand of paralysis (7)
 J - a wand of flame (4)
 R - a wand of iceblast (1)
Scrolls
 c - 2 scrolls of enchant armour
 d - a scroll of magic mapping
 g - a scroll of enchant weapon
 k - 3 scrolls of poison
 n - 2 scrolls of fog
 p - a scroll of vulnerability
 q - 9 scrolls of teleportation
 s - a scroll of torment
 x - a scroll of butterflies
 y - a scroll of silence
 K - a scroll of blinking {unknown}
 L - 2 scrolls of fear {unknown}
 Q - a scroll of noise {unknown}
Potions
 e - 2 potions of flight
 f - 3 potions of attraction
 l - 9 potions of curing
 r - a potion of berserk rage
 z - 6 potions of lignification
 A - a potion of brilliance
 E - 3 potions of invisibility {unknown}
 I - 4 potions of degeneration
 P - 2 potions of might {unknown}


   Skills:
 + Level 6.1 Fighting
 * Level 12.8 Long Blades
 + Level 4.1 Armour
 * Level 7.9 Dodging
 + Level 4.8 Stealth
 + Level 3.2 Shields
 + Level 4.1 Spellcasting
 + Level 5.3 Conjurations
 + Level 0.7 Translocations
 + Level 2.7 Ice Magic
 + Level 1.8 Evocations


You had 13 spell levels left.
You knew the following spells:

 Your Spells              Type           Power      Damage    Failure   Level
a - Kiss of Death         Conj/Necr      48%        2d9       11%         1
b - Momentum Strike       Conj/Tloc      26%        3d8       14%         2
c - Hailstorm             Conj/Ice       38%        3d9       19%         3

Your spell library contained the following spells:

 Spells                   Type           Power      Damage    Failure   Level
 Sandblast                Erth           6%         2d5       32%         1
 Stone Arrow              Conj/Erth      24%        3d8       32%         3
 Blink                    Tloc           12%        N/A       34%         2
 Passwall                 Tmut/Erth      2%         N/A       43%         2
 Gell's Gravitas          Tloc           6%         N/A       56%         3
 Teleport Other           Tloc           6%         N/A       56%         3
 Manifold Assault         Tloc           6%         N/A       93%         4
 Summon Forest            Summ/Tloc      2%         N/A       100%        5
 Dispersal                Tloc           3%         N/A       100%        6
 Eringya's Noxious Bog    Tmut/Pois      1%         N/A       100%        6
 Storm Form               Tmut/Air       1%         N/A       100%        7
 Summon Hydra             Summ           1%         N/A       100%        7


Dungeon Overview and Level Annotations

Branches:
Dungeon (8/15)             Temple (1/1) D:5            Lair (2/5) D:8
  Snake (1/4) Lair:2        Sewer (visited)         Ossuary (visited)
  Swamp: Lair:2-3    Shoals: Lair:2-3

Altars:
Ashenzari
Cheibriados
Dithmenos
Fedhas
Gozag
Hepliaklqana
Kikubaaqudgha
Makhleb
Nemelex Xobeh
Okawaru
Qazlal
Sif Muna
Uskayaw
Vehumet
Wu Jian
Xom
Yredelemnul

Annotations:
Snake:1 Donald


Innate Abilities, Weirdness & Mutations

You are mostly covered in sharp spines.
You are partially covered in razor-sharp scales. (AC +1, Slay +1)
A meltable shield of frost defends you. (SH +4)
You have a tail ending in a sharp stinger.
You have very sharp teeth.
Armour fits poorly on your strangely shaped body.
You are strong-willed. (Will+)
You are robust. (+10% HP)


Message History

The black mamba bites you but does no damage.
Donald says, "Nagas are pretty ugly.
I hate nagas."
Donald mumbles some strange words.
Donald seems to speed up.
You slice Donald!!
Donald looks as sick as possible!
You tail-slap Donald, but do no damage.
Donald is heavily wounded.
You feel very sick. The black mamba barely misses you.
You block Donald's attack. Donald blocks your attack. x2
Donald is severely wounded.
You feel very sick.
The black mamba is struck by your spines.
The black mamba misses you.
Donald is distracted by your dazzling golden aura.
Donald shouts!
Donald blocks your attack.
Donald is no longer distracted by gold.
Donald is severely wounded.
You feel very sick.
You hear an angry hiss.
You block the black mamba's attack.
Donald says, "How does a snake shoot lightning, anyway?"
Donald hits you with a +6 vampiric broad axe!
Donald draws strength from your wounds! The black mamba completely misses you.
You hit Donald but do no damage.
Donald looks as sick as possible!
You bite Donald, but do no damage.
Donald is heavily wounded.
You feel sick.
An anaconda comes into view.
The black mamba is struck by your spines.
The black mamba barely misses you.
Donald hits you with a +6 vampiric broad axe!!!
* * * LOW HITPOINT WARNING * * *
Donald draws strength from your wounds! Donald blocks your attack.
Donald is moderately wounded.
You feel sick. The black mamba misses you.
Donald hits you with a +6 vampiric broad axe!!
You die...
Your body crumbles into a pile of gold.

.... #............# #
....###............#####
....................)...
#####...............##.[.
.....................#...
.......>.............#...
..###..$.....#######.....
.)................ #..#.#
.......S@@...#####.#.....
.........................
........)...#...........#
............#............
............# ......)....
............# ..........
.........S..# ...##....
...........# .......## $
.......


You could see Donald (fast, strong, extremely poisoned, reflecting), an anaconda
and a black mamba.

Vanquished Creatures
  Fannar (Lair:2)
  A hydra (Lair:2)
  An anaconda (Snake:1)
  A catoblepas (Lair:2)
  Erica (Lair:1)
  4 naga warriors (Snake:1)
  The ghost of ryw the Caller, a novice DsSu (D:6)
  3 black mambas
  A guardian serpent (Snake:1)
  3 naga magi (Snake:1)
  8 cane toads
  A freezing wraith (D:7)
  A komodo dragon (Lair:2)
  4 ice devils (D:7)
  A wyvern (Lair:2)
  6 yaks (Lair:1)
  A basilisk (Lair:1)
  5 nagas
  5 water moccasins
  2 orc warriors
  A sky beast (D:8)
  3 black bears
  4 ogres
  The ghost of LillianThurb the Vexing, an amateur FoHs (D:3)
  A kobold brigand (D:6)
  3 bullfrogs
  A gnoll sergeant (D:6)
  2 necrophages
  2 scorpions
  6 wights (D:8)
  4 killer bees (D:8)
  2 electric eels (Snake:1)
  A jelly (D:5)
  6 hounds
  An orc priest (D:4)
  2 iguanas
  7 orc wizards
  A mummy (Ossuary)
  4 gnolls (D:6)
  7 adders
  5 river rats (Sewer)
  A shadow imp (D:5)
  9 white imps
  4 ufetubi
  A worm zombie (D:7)
  2 worms
  2 dart slugs
  17 orcs
  A spectral bat (Ossuary)
  3 bats
  8 endoplasms
  7 giant cockroaches
  2 goblins
  6 hobgoblins
  5 jackals
  9 quokkas
  6 ball pythons
  A bat simulacrum (Ossuary)
  8 frilled lizards
  12 gnoll zombies (Ossuary)
  2 goblin simulacra (Ossuary)
  6 goblin zombies (Ossuary)
  3 hobgoblin zombies (Ossuary)
  2 jackal zombies (D:7)
  6 kobolds
  2 kobold simulacra (Ossuary)
  2 kobold zombies (Ossuary)
  7 orc zombies (Ossuary)
  17 rats
  4 rat simulacra (Ossuary)
  5 spectral goblins (Ossuary)
  3 spectral kobolds (Ossuary)
  2 spectral rats (Ossuary)
280 creatures vanquished.

Vanquished Creatures (others)
  An adder (D:4)
  An orc (D:4)
  An endoplasm (D:1)
  A giant cockroach (D:2)
  2 goblins
  3 hobgoblins (D:2)
  A ball python (D:2)
  3 bats
  2 kobolds (D:3)
  A rat (D:2)
  5 fungi
  12 plants
33 creatures vanquished.

Grand Total: 313 creatures vanquished

Notes
Turn   | Place    | Note
-------+----------+-------------------------------------------
     0 | D:1      | McMuffin the Demonspawn Reaver began the quest for the Orb.
     0 | D:1      | Reached XP level 1. HP: 16/16 MP: 3/3
   130 | D:1      | Reached skill level 3 in Long Blades
   130 | D:1      | Gained mutation: You have a small tail. [demonic ancestry]
   130 | D:1      | Reached XP level 2. HP: 20/21 MP: 5/5
   163 | D:1      | Learned a level 2 spell: Momentum Strike
   905 | D:2      | Identified the +10 long sword "Culegeod" {venom, rC+ Int+2
                  | Dex+4}
   924 | D:2      | Reached XP level 3. HP: 20/21 MP: 6/6
  1711 | D:3      | Found a broken altar of Ashenzari.
  1862 | D:3      | Found a faded altar of an unknown god.
  2049 | D:3      | Reached XP level 4. HP: 32/32 MP: 7/7
  2258 | D:3      | Found a burning altar of Makhleb.
  2315 | D:3      | Noticed an ogre
  2315 | D:3      | Noticed LillianThurb's ghost (amateur FoHs)
  2315 | D:3      | Identified the +10 great mace "Hydrabane" {holy, rF+ Str+3}
  2315 | D:3      | Noticed an ogre
  2317 | D:3      | Found a transporter.
  2329 | D:3      | Found a transporter.
  2340 | D:3      | Killed LillianThurb's ghost
  2341 | D:3      | Gained mutation: You are partially covered in razor-sharp
                  | scales. (AC +1, Slay +1) [demonic ancestry]
  2341 | D:3      | Reached XP level 5. HP: 29/39 MP: 6/8
  2341 | D:3      | Killed an ogre
  2342 | D:3      | Reached skill level 4 in Long Blades
  2342 | D:3      | Reached skill level 1 in Armour
  2344 | D:3      | Killed an ogre
  2345 | D:3      | Reached XP level 6. HP: 18/46 MP: 7/9
  2926 | D:4      | Found an ornate altar of the Wu Jian Council.
  3059 | D:4      | Reached skill level 5 in Long Blades
  3089 | D:4      | Found a basalt altar of Yredelemnul.
  3178 | D:4      | Gained mutation: You are partially covered in sharp spines.
                  | [demonic ancestry]
  3178 | D:4      | Reached XP level 7. HP: 51/51 MP: 10/10
  3259 | D:4      | Learned a level 3 spell: Hailstorm
  3625 | D:5      | Entered Level 5 of the Dungeon
  3822 | D:5      | Reached skill level 6 in Long Blades
  3877 | D:5      | Found a hide-covered altar of Uskayaw.
  3926 | D:5      | Found a blossoming altar of Fedhas.
  3963 | D:5      | Reached skill level 1 in Stealth
  4185 | D:5      | Found a staircase to the Ecumenical Temple.
  4195 | Temple   | Entered the Ecumenical Temple
  4224 | Temple   | Became a worshipper of Gozag Ym Sagoz the Greedy
  4467 | D:6      | Found a glowing drain.
  4545 | Sewer    | Entered a sewer
  4691 | Sewer    | Gained mutation: A meltable shield of frost defends you.
                  | (SH +4) [demonic ancestry]
  4691 | Sewer    | Reached XP level 8. HP: 58/58 MP: 10/12
  5068 | D:6      | Reached skill level 7 in Long Blades
  5091 | D:6      | Found a runed translucent door.
  5092 | D:6      | Noticed ryw's ghost (novice DsSu)
  5109 | D:6      | Killed ryw's ghost
  5110 | D:6      | Reached skill level 8 in Long Blades
  5906 | D:7      | Found a hazy altar of Hepliaklqana.
  5962 | D:7      | Gained mutation: You have a tail ending in a sharp stinger.
                  | [demonic ancestry]
  5962 | D:7      | Reached XP level 9. HP: 50/65 MP: 13/13
  6079 | D:7      | Found a stormy altar of Qazlal.
  6089 | D:7      | Found a sand-covered staircase.
  6130 | Ossuary  | Entered an ossuary
  6807 | D:7      | Noticed an ice devil
  6807 | D:7      | Noticed an ice devil
  6825 | D:7      | Killed an ice devil
  6827 | D:7      | Noticed a freezing wraith
  6827 | D:7      | Noticed an ice devil
  6846 | D:7      | Killed a freezing wraith
  6847 | D:7      | Reached skill level 9 in Long Blades
  6852 | D:7      | Killed an ice devil
  6858 | D:7      | Killed an ice devil
  6859 | D:7      | Reached skill level 5 in Dodging
  6972 | D:7      | Noticed an ice devil
  6975 | D:7      | Reached skill level 1 in Shields
  7012 | D:7      | Killed an ice devil
  7025 | D:7      | Found the +8 frozen axe "Frostbite" {freezing cloud, *Noise
                  | Fly rC+}
  7325 | D:7      | Found a shimmering blue altar of Sif Muna.
  7653 | D:7      | Reached skill level 10 in Long Blades
  7721 | D:7      | Reached XP level 10. HP: 70/72 MP: 14/14
  8399 | D:8      | Found a staircase to the Lair.
  8408 | Lair:1   | Entered Level 1 of the Lair of Beasts
  8411 | Lair:1   | Noticed a cane toad
  8420 | D:8      | Gained mutation: Armour fits poorly on your strangely
                  | shaped body. [potion of mutation]
  8420 | D:8      | Gained mutation: You are strong-willed. (Will+) [potion of
                  | mutation]
  8420 | D:8      | Gained mutation: You have very sharp teeth. [potion of
                  | mutation]
  8420 | D:8      | Gained mutation: You are robust. (+10% HP) [potion of
                  | mutation]
  8450 | Lair:1   | Killed a cane toad
  8484 | Lair:1   | Noticed a cane toad
  8497 | Lair:1   | Killed a cane toad
  8498 | Lair:1   | Reached skill level 1 in Ice Magic
  8614 | Lair:1   | Noticed a black mamba
  8624 | Lair:1   | Killed a black mamba
  8646 | Lair:1   | Noticed a cane toad
  8648 | Lair:1   | Noticed a cane toad
  8653 | Lair:1   | Killed a cane toad
  8655 | Lair:1   | Killed a cane toad
  8656 | Lair:1   | Reached skill level 5 in Fighting
  8721 | Lair:1   | Reached skill level 11 in Long Blades
  9036 | Lair:1   | Noticed a cane toad
  9049 | Lair:1   | Killed a cane toad
  9170 | Lair:1   | Noticed Erica
  9202 | Lair:1   | Killed Erica
  9203 | Lair:1   | Reached XP level 11. HP: 70/88 MP: 13/16
  9713 | Lair:2   | Noticed Fannar
  9730 | Lair:2   | Killed Fannar
  9862 | Lair:2   | Noticed a catoblepas
  9887 | Lair:2   | Killed a catoblepas
  9888 | Lair:2   | Reached skill level 12 in Long Blades
  9888 | Lair:2   | Reached skill level 5 in Conjurations
  9949 | Lair:2   | Identified the +2 flail of Woclacuh {pain, *Corrode Drain
                  | rPois Int+7 Dex+8}
  9976 | Lair:2   | Noticed a four-headed hydra
 10006 | Lair:2   | Killed a four-headed hydra
 10220 | Lair:2   | Found a staircase to the Snake Pit.
 10520 | Snake:1  | Entered Level 1 of the Snake Pit
 10995 | Snake:1  | Noticed a naga warrior
 11012 | Snake:1  | Killed a naga warrior
 11013 | Snake:1  | Reached skill level 1 in Evocations
 11050 | Snake:1  | Noticed a naga warrior
 11051 | Snake:1  | Noticed a naga warrior
 11061 | Snake:1  | Killed a naga warrior
 11064 | Snake:1  | HP: 2/89 [naga warrior/+0 glaive (31)]
 11066 | Snake:1  | Noticed a naga warrior
 11074 | Snake:1  | HP: 4/89 [poisoned by a naga warrior (splash of poison)]
 11911 | Snake:1  | Killed a naga warrior
 11942 | Snake:1  | Killed a naga warrior
 12296 | Snake:1  | Gained mutation: You are mostly covered in sharp spines.
                  | [demonic ancestry]
 12296 | Snake:1  | Reached XP level 12. HP: 90/96 MP: 8/18
 12337 | Snake:1  | Identified the +0 pair of gloves of Privacy {Slay+3}
 12345 | Snake:1  | Identified the +5 ring mail "Nasu" {*Slow rF+++ rC+ Regen+}
 12527 | Snake:1  | Noticed an anaconda
 12609 | Snake:1  | Noticed an anaconda
 12620 | Snake:1  | Killed an anaconda
 12632 | Snake:1  | Noticed Donald
 12644 | Snake:1  | Noticed an anaconda
 12645 | Snake:1  | Mangled by Donald

Illustrated notes

Levels and vault maps discovered:
D:1:      dpeg_arrival_rooms_a, layout_loops_ring
D:2:      layout_loops_ring, chequers_serial_rivers_marsh
D:3:      layout_loops_ring, lemuel_coloured_pillars_altar,
          ashenzari_conservatory_becter,
          hellmonk_ecumenical_altar_leap_of_faith, gammafunk_ghost_smash,
          chequers_hall_statues_wall_a, minmay_misc_feat_rows,
          minmay_misc_feat_more_columns, kennysheep_boxes
D:4:      layout_basic, kennysheep_little_box, nzn_wu_jian_contemplation
D:5:      layout_rooms, fedhas_altar_fruit_tree, old_standard_altar,
          minmay_temple_entry_statues_fountains, st_stairs_11
D:6:      layout_basic, gammafunk_ghost_grave, gup_sewer_entry_pipe,
          amcnicky_mini_pool_small, nrook_mini_vaults,
          chequers_serial_rivers_micro_a
D:7:      layout_loops_cross, kennysheep_orc_sif_temple, grunt_qazlal_sundering,
          mainiacjoe_overflow_24_doors, enter_ossuary_3,
          hellmonk_guarded_unrand_frostbite
D:8:      layout_rooms, lair_entry_dummy
Temple:   hellmonk_temple_micro_hex
Lair:1:   layout_roguey, uniq_erica
Lair:2:   layout_chaotic_city, guppyfry_snake_entry_island, grunt_megastairs_3,
          uniq_fannar
Snake:1:  layout_basic, nicolae_snake_slithery_corners, serial_bayou_shore_a,
          uniq_donald

Skill      XL: |  1  2  3  4  5  6  7  8  9 10 11 |
---------------+----------------------------------+-----
Long Blades    | 3 4 5 6 8 10 11 12 | 12.8
Dodging        | 2 3 4 5 6 7 |  7.9
Armour         | 1 2 3 4 |  4.1
Fighting       | 3 4 5 6 |  6.1
Stealth        | 1 2 3 4 |  4.8
Conjurations   | 4 5 |  5.3
Spellcasting   | 3 4 |  4.1
Shields        | 1 2 3 |  3.2
Ice Magic      | 1 2 |  2.7
Evocations     | 1 |  1.8
Translocations | |  0.7

Action                   |  1- 3 |  4- 6 |  7- 9 | 10-12 || total
-------------------------+-------+-------+-------+-------++-------
Melee: Falchion          |    33 |       |       |       ||    33
       Long sword        |    34 |    58 |   236 |   228 ||   556
       Tailslap          |     3 |     6 |    31 |    35 ||    75
       Punch             |       |       |     2 |     4 ||     6
       Bite              |       |       |       |    34 ||    34
 Cast: Kiss of Death     |     3 |       |       |       ||     3
       Momentum Strike   |    15 |     3 |     1 |       ||    19
       Hailstorm         |       |       |    26 |    33 ||    59
Invok: Potion Petition   |       |       |       |     3 ||     3
Evoke: Wand              |       |       |     2 |    14 ||    16
  Use: Scroll            |       |     5 |     7 |    12 ||    24
       Potion            |       |       |     4 |     1 ||     5
 Stab: Sleeping          |       |       |    18 |     3 ||    21
       Distracted        |       |       |     1 |       ||     1
Armor: Leather armour    |    29 |    19 |    43 |    60 ||   151
       Ring mail         |       |       |       |     4 ||     4
Dodge: Dodged            |    42 |    37 |    95 |   102 ||   276
Block: Other             |       |       |    20 |    53 ||    73
       Reflection        |       |       |       |     3 ||     3

Table legend: (Time is in decaauts)
 A = Elapsed time spent in this place.
 B = Non-inter-level travel time spent in this place.
 C = Inter-level travel time spent in this place.
 D = Time resting spent in this place.
 E = Time spent auto-exploring this place.
 F = Levels seen in this place.
 G = Mean time per level.
                   A        B        C        D        E       F      G
               +--------+--------+--------+--------+--------+-----+--------+
         Total |  12775 |  12581 |    194 |   2494 |   5407 |  14 |  912.5 |
       Dungeon |   7369 |   7175 |    194 |    565 |   4294 |   8 |  921.1 |
        Temple |     36 |     36 |      0 |      0 |      0 |   1 |   36.0 |
          Lair |   2855 |   2855 |      0 |   1177 |    832 |   2 | 1427.5 |
     Snake Pit |   1316 |   1316 |      0 |    716 |     63 |   1 | 1316.0 |
         Sewer |    550 |    550 |      0 |      0 |    217 |   1 |  550.0 |
       Ossuary |    646 |    646 |      0 |     36 |      0 |   1 |  646.0 |
               +--------+--------+--------+--------+--------+-----+--------+

Top non-repeatable levels by time:
  Lair:2: 1839 daAuts
 Snake:1: 1316 daAuts
     D:7: 1309 daAuts
     D:3: 1111 daAuts
     D:6: 1031 daAuts
  Lair:1: 1016 daAuts
     D:2: 890 daAuts
     D:4: 869 daAuts
     D:1: 829 daAuts
     D:5: 728 daAuts
 Ossuary: 646 daAuts
     D:8: 599 daAuts
   Sewer: 550 daAuts
  Temple: 36 daAuts
